 Dungeon Crawl Stone Soup version 0.29.1-12-g30fa7ad0bf (webtiles) character file.

Game seed: 3527195795099614169

844 CaptainMV the Vexing (level 8, -14/60 HPs)
             Began as a Gnoll Arcane Marksman on Dec 16, 2022.
             Was an Initiate of Vehumet.
             Killed by an exploding adder (41 damage)
             ... ignited by their inner flame
             ... on level 5 of the Dungeon.
             The game lasted 00:53:03 (3880 turns).

CaptainMV the Vexing (Gnoll Arcane Marksman)        Turns: 3880, Time: 00:53:03

Health: -14/60     AC:  9    Str: 10    XL:     8   Next: 0%
Magic:  7/14       EV: 14    Int: 12    God:    Vehumet [......]
Gold:   153        SH:  0    Dex: 15    Spells: 9/15 levels left

rFire   . . .      SeeInvis .   y - +1 arbalest
rCold   . . .      Faith    .   (shield currently unavailable)
rNeg    . . .      Spirit   .   c - +0 robe
rPois   .          Reflect  .   (no helmet)
rElec   .          Harm     .   (no cloak)
rCorr   .          Rampage  .   s - +1 pair of gloves
Will    .....                   q - +0 pair of boots
Stlth   ++........              (no amulet)
HPRegen 0.20/turn               n - +4 ring of protection
MPRegen 0.14/turn               (no ring)

@: lethally poisoned (-14 -> -18)
A: fangs 1, strong nose, distributed training
a: Renounce Religion


You were on level 5 of the Dungeon.
You worshipped Vehumet.
Vehumet was noncommittal.
You visited 2 branches of the dungeon, and saw 6 of its levels.

You collected 153 gold pieces.

Inventory:

Hand Weapons
 a - a +1 sling
 t - a +1 vampiric hand axe
 u - a +6 vorpal falchion
 y - a +1 arbalest (weapon)
Missiles
 d - 9 javelins
 o - 2 atropa-tipped darts
 A - a boomerang
Armour
 c - a +0 robe (worn)
 q - a +0 pair of boots (worn)
 s - a +1 pair of gloves (worn)
 C - a +2 tower shield
Jewellery
 n - a +4 ring of protection (left hand)
Wands
 x - a wand of charming (9)
Scrolls
 b - 3 scrolls of poison
 e - a scroll of noise
 h - a scroll of blinking {unknown}
 i - a scroll of butterflies
 j - a scroll of amnesia
 k - a scroll of enchant weapon
 m - 3 scrolls of teleportation
 p - 2 scrolls of enchant armour
 r - a scroll of identify {unknown}
 v - a scroll of immolation {unknown}
 w - a scroll of summoning {unknown}
Potions
 f - 3 potions of curing
 g - a potion of ambrosia {unknown}
 l - 2 potions of flight {unknown}
 z - a potion of mutation {unknown}
 B - a potion of invisibility {unknown}


   Skills:
 + Level 4.0 Fighting
 + Level 3.0 Short Blades
 + Level 3.0 Long Blades
 + Level 3.0 Axes
 + Level 3.0 Maces & Flails
 + Level 3.0 Polearms
 + Level 3.0 Staves
 + Level 5.5 Ranged Weapons
 + Level 3.0 Throwing
 + Level 3.0 Armour
 + Level 5.5 Dodging
 + Level 3.0 Stealth
 + Level 3.0 Shields
 + Level 3.0 Unarmed Combat
 + Level 4.1 Spellcasting
 + Level 2.4 Conjurations
 + Level 6.0 Hexes
 + Level 2.4 Summonings
 + Level 2.4 Necromancy
 + Level 2.4 Translocations
 + Level 2.4 Transmutations
 + Level 2.4 Fire Magic
 + Level 2.4 Ice Magic
 + Level 2.4 Air Magic
 + Level 2.4 Earth Magic
 + Level 2.4 Poison Magic
 + Level 3.2 Invocations
 + Level 3.0 Evocations


You had 9 spell levels left.
You knew the following spells:

 Your Spells              Type           Power      Damage    Failure   Level
b - Inner Flame           Hex/Fire       12%        N/A       12%         3
c - Portal Projectile     Hex/Tloc       24%        N/A       12%         3

Your spell library contained the following spells:

 Spells                   Type           Power      Damage    Failure   Level
 Slow                     Hex            64%        N/A       1%          1
 Sublimation of Blood     Necr           8%         N/A       12%         2
 Wereblood                Tmut           8%         N/A       12%         2
 Cause Fear               Hex            8%         N/A       19%         4
 Summon Hydra             Summ           4%         N/A       100%        7


Dungeon Overview and Level Annotations

Branches:
Dungeon (5/15)             Temple (1/1) D:4

Altars:
Cheibriados
Makhleb
Nemelex Xobeh
Okawaru
Ru
Trog
Vehumet
Wu Jian
Zin
The Shining One

Annotations:
D:3 2 transporters, peterlawrence's ghost, amateur MiFi


Innate Abilities, Weirdness & Mutations

You have very sharp teeth.
Your uncanny sense of smell can sniff out nearby items.
Your experience applies equally to all skills.


Message History

You kill the orc!
Vehumet accepts your kill.
Found 7 stones.
Found a runed tower shield.
You see here 7 stones.
You see here a +2 tower shield.
An adder comes into view.
You see here a +2 tower shield.
C - a +2 tower shield You'd need three hands to do that!
Casting: Inner Flame (dangerous; 12% risk of failure)
Confirm with . or Enter, or press ? or * to list all spells.
Aiming: Inner Flame (dangerous; 12% risk of failure)
Press: ? - help, Dir - move target, f - adder
Aim: an adder (asleep, chance to affect: 72%)
The adder is filled with an inner flame.
Fire: y) +1 arbalest
Press: ? - help, Q - select action, (/) - cycle Shift-Dir - straight line, f/p - adder
Aim: an adder (inner flame, 40% to hit)
You shoot a bolt. The bolt misses the adder.
The adder closely misses you. The adder misses you.
You see here 7 stones.
Fire: y) +1 arbalest
Press: ? - help, Q - select action, (/) - cycle Shift-Dir - straight line, f/p - adder
Aim: an adder (inner flame, 40% to hit)
You shoot a bolt. The bolt closely misses the adder.
The adder barely misses you. The adder bites you. The adder bites you.
You are poisoned.
The adder poisons you!
Fire: y) +1 arbalest
Press: ? - help, Q - select action, (/) - cycle Shift-Dir - straight line, f/p - adder
Aim: an adder (inner flame, 40% to hit)
You shoot a bolt. The bolt hits the adder!!
Vehumet accepts your kill.
The adder explodes!
The fiery explosion engulfs you!!!
Ouch! That really hurt!
You die...

#.####...#
#........# #####
######.#.#
#...########
#.#.#
#....)).)...
#.#.#
#...########
#.#.# ##.## #.#§#
##..#
#.#§####...#####
∆..#@#....#.....#
#.#.##.))###.#
#.#.###.## #.#
#.#.# #.# #.# ###
#.#.# #.# #.# ...
#..#.##.# #.# .##
###.##..# #.#
.##.## #.# .##.#
#.#


There were no monsters in sight!

Vanquished Creatures
  Eustachio (D:4)
  Edmund (D:5)
  An ice beast (D:5)
  A scorpion (D:3)
  A necrophage (D:5)
  4 orc priests
  2 iguanas
  Natasha (twice) (D:2)
  3 orc wizards
  An adder (D:5)
  A shadow imp (D:5)
  4 dart slugs
  14 orcs
  5 endoplasms
  2 giant cockroaches
  A hobgoblin (D:1)
  4 jackals (D:1)
  4 quokkas
  5 ball pythons
  4 bats
  4 frilled lizards (D:1)
  3 goblins
  8 kobolds
  A rat (D:2)
77 creatures vanquished.

Vanquished Creatures (others)
  2 fungi (D:3)
  4 plants (D:3)
6 creatures vanquished.

Grand Total: 83 creatures vanquished

Notes
Turn   | Place    | Note
-------+----------+-------------------------------------------
     0 | D:1      | CaptainMV the Gnoll Arcane Marksman began the quest for the
                  | Orb.
     0 | D:1      | Reached XP level 1. HP: 17/17 MP: 4/4
    56 | D:1      | Reached XP level 2. HP: 6/23 MP: 5/5
   671 | D:1      | Reached XP level 3. HP: 23/28 MP: 7/7
  1297 | D:2      | Noticed Natasha
  1308 | D:2      | Killed Natasha
  1309 | D:2      | Reached skill level 1 in Short Blades
  1309 | D:2      | Reached skill level 1 in Long Blades
  1309 | D:2      | Reached skill level 1 in Axes
  1309 | D:2      | Reached skill level 1 in Maces & Flails
  1309 | D:2      | Reached skill level 1 in Polearms
  1309 | D:2      | Reached skill level 1 in Staves
  1309 | D:2      | Reached skill level 1 in Throwing
  1309 | D:2      | Reached skill level 1 in Armour
  1309 | D:2      | Reached skill level 1 in Stealth
  1309 | D:2      | Reached skill level 1 in Shields
  1309 | D:2      | Reached skill level 1 in Unarmed Combat
  1309 | D:2      | Reached skill level 1 in Invocations
  1309 | D:2      | Reached skill level 1 in Evocations
  1631 | D:2      | Noticed Natasha
  1648 | D:2      | Killed Natasha
  1649 | D:2      | Reached skill level 1 in Conjurations
  1649 | D:2      | Reached skill level 1 in Summonings
  1649 | D:2      | Reached skill level 1 in Necromancy
  1649 | D:2      | Reached skill level 1 in Translocations
  1649 | D:2      | Reached skill level 1 in Transmutations
  1649 | D:2      | Reached skill level 1 in Fire Magic
  1649 | D:2      | Reached skill level 1 in Ice Magic
  1649 | D:2      | Reached skill level 1 in Air Magic
  1649 | D:2      | Reached skill level 1 in Earth Magic
  1649 | D:2      | Reached skill level 1 in Poison Magic
  1649 | D:2      | Reached XP level 4. HP: 34/34 MP: 5/8
  1662 | D:2      | Learned a level 3 spell: Inner Flame
  1726 | D:3      | Found a transporter.
  1726 | D:3      | Noticed peterlawrence's ghost (amateur MiFi)
  1731 | D:3      | Found a transporter.
  1771 | D:3      | Noticed a scorpion
  1802 | D:3      | Killed a scorpion
  1803 | D:3      | Reached XP level 5. HP: 17/41 MP: 4/9
  1821 | D:3      | Found an ornate altar of the Wu Jian Council.
  1971 | D:3      | Reached XP level 6. HP: 27/47 MP: 1/11
  1975 | D:3      | Reached skill level 5 in Ranged Weapons
  1975 | D:3      | Reached skill level 5 in Dodging
  2150 | D:3      | Found a faded altar of an unknown god.
  2530 | D:4      | Found a snail-covered altar of Cheibriados.
  2633 | D:4      | Noticed Eustachio
  2643 | D:4      | Killed Eustachio
  2704 | D:4      | Found a staircase to the Ecumenical Temple.
  2716 | Temple   | Entered the Ecumenical Temple
  2864 | Temple   | Became a worshipper of Vehumet
  2894 | D:4      | Learned a level 3 spell: Portal Projectile
  3186 | D:4      | Reached XP level 7. HP: 52/52 MP: 2/12
  3270 | D:5      | Entered Level 5 of the Dungeon
  3270 | D:5      | Noticed Edmund
  3277 | D:5      | Killed Edmund
  3793 | D:5      | Reached skill level 6 in Hexes
  3821 | D:5      | Reached XP level 8. HP: 9/60 MP: 1/14
  3880 | D:5      | Killed by an exploding adder... ignited by their inner
                  | flame

Illustrated notes

Levels and vault maps discovered:
D:1:      heliophobic_arrival_enchanted_forest, layout_basic
D:2:      layout_loops_cross, uniq_natasha
D:3:      layout_basic, mainiacjoe_overflow_alcove_1,
          dreamdust_ecumenical_altar_grove, gammafunk_ghost_arena
D:4:      layout_cave_pods, kennysheep_mini, minmay_temple_entry_junction,
          minmay_misc_feat_nine_boxes, uniq_eustachio
D:5:      layout_loops_ring, uniq_edmund
Temple:   hellmonk_temple_rainy

Skill      XL: |  1  2  3  4  5  6  7 |
---------------+----------------------+-----
Short Blades   | 1 2 3 |  3.0
Long Blades    | 1 2 3 |  3.0
Axes           | 1 2 3 |  3.0
Maces & Flails | 1 2 3 |  3.0
Polearms       | 1 2 3 |  3.0
Staves         | 1 2 3 |  3.0
Throwing       | 1 2 3 |  3.0
Armour         | 1 2 3 |  3.0
Stealth        | 1 2 3 |  3.0
Shields        | 1 2 3 |  3.0
Unarmed Combat | 1 2 3 |  3.0
Invocations    | 1 2 3 |  3.2
Evocations     | 1 2 3 |  3.0
Spellcasting   | 3 4 |  4.1
Conjurations   | 1 2 |  2.4
Summonings     | 1 2 |  2.4
Necromancy     | 1 2 |  2.4
Translocations | 1 2 |  2.4
Transmutations | 1 2 |  2.4
Fire Magic     | 1 2 |  2.4
Ice Magic      | 1 2 |  2.4
Air Magic      | 1 2 |  2.4
Earth Magic    | 1 2 |  2.4
Poison Magic   | 1 2 |  2.4
Fighting       | 3 4 |  4.0
Ranged Weapons | 5 |  5.5
Dodging        | 5 |  5.5
Hexes          | 6 |  6.0

Action                   |  1- 3 |  4- 6 |  7- 9 || total
-------------------------+-------+-------+-------++-------
Melee: Hand axe          |       |     4 |       ||     4
       Falchion          |       |     2 |       ||     2
 Fire: Sling             |    62 |    28 |       ||    90
       Arbalest          |       |     3 |    53 ||    56
Throw: Javelin           |    26 |    39 |       ||    65
 Cast: Slow              |     7 |     3 |       ||    10
       Inner Flame       |       |     6 |    11 ||    17
       Portal Projectile |       |     2 |     1 ||     3
  Use: Potion            |       |     1 |     1 ||     2
       Scroll            |       |     6 |     1 ||     7
 Stab: Sleeping          |       |     1 |       ||     1
Armor: Robe              |    15 |    15 |    14 ||    44
Dodge: Dodged            |    39 |    29 |    20 ||    88
